Map: Lightshade LE

Players

Scarlett

  • Race: Zerg Zerg
  • League: Master
  • Spawn Location: 11:00

PiLiPiLi - Winner!

  • Race: Protoss Protoss
  • League: Grandmaster
  • Spawn Location: 5:00

Event: DreamHack SC2 Masters 2020 Winter

VOD

Have the link to the VOD?

Description

Time

  • Played on: Oct. 29, 2020, 5:18 p.m.
  • Length: 8:58

All games in this series

Show
View Real Time Build Order
Export as new Build Order

Scarlett Zerg 

Build Orders: Hatch First 

Get SALT Encoding   

  12  0:00  Drone  
  13  0:12  Overlord  
  13  0:16  Drone  
  14  0:30  Drone x2  
  16  0:46  Hatchery  
  15  0:50  Drone  
  15  0:54  Drone  
  17  0:57  Drone  
  18  1:08  Extractor  
  17  1:12  Spawning Pool  
  17  1:15  Drone  
  17  1:19  Drone  
  18  1:28  Drone  
  19  1:38  Drone  
  20  1:49  Drone  
  21  1:58  Queen  
  21  1:59  Drone, Queen  
  21  2:00  Overlord  
  26  2:09  Drone  
  26  2:11  Drone  
  26  2:14  Metabolic Boost  
  28  2:20  Drone  
  28  2:21  Drone  
  30  2:30  Hatchery  
  30  2:33  Drone  
  30  2:35  Drone  
  31  2:41  Drone  
  31  2:42  Overlord  
  32  2:49  Queen  
  34  2:52  Drone  
  34  2:54  Drone  
  36  3:02  Drone  
  36  3:04  Drone  
  38  3:07  Drone x3  
  38  3:10  Queen  
  43  3:13  Overlord  
  43  3:16  Drone  
  44  3:26  Overlord  
  44  3:31  Queen  
  44  3:32  Drone  
  47  3:36  Zergling x2  
  47  3:38  Zergling x4  
  47  3:39  Drone x2  
  52  3:42  Drone x4  
  52  3:48  Drone  
  57  3:53  Roach Warren, Zergling x4  
  57  3:54  Spine Crawler  
  57  4:00  Overlord  
  57  4:01  Zergling x2  
  58  4:05  Zergling x2  
  59  4:11  Spore Crawler, Zergling x6  
  59  4:13  Spore Crawler  
  60  4:18  Zergling x2  
  60  4:19  Zergling x8  
  60  4:22  Overlord  
  65  4:26  Zergling x2  
  65  4:30  Zergling x8  
  70  4:38  Zergling x2  
  63  4:43  Zergling x10  
  57  4:53  Roach x5  
  59  5:00  Drone x3  
  59  5:05  Drone x2  
  60  5:15  Drone x3  
  60  5:20  Drone x2  
  62  5:28  Roach x2  
  65  5:34  Drone x2  
  65  5:37  Roach x2  
  65  5:42  Roach x2  
  73  5:48  Roach  
  65  5:57  Roach  
  65  5:58  Roach x2  
  67  6:04  Zergling x6, Roach  
  62  6:11  Zergling x2  
  62  6:12  Zergling x4  
  61  6:23  Drone x4  
  61  6:27  Drone  
  58  6:39  Drone x4  
  62  6:45  Drone x2  
  62  6:46  Drone  
  64  6:51  Drone x2  
  66  6:58  Drone x3  
  69  7:07  Roach x2  
  73  7:11  Roach, Zergling x4  
  77  7:21  Drone x4  
  75  7:36  Roach  
  75  7:37  Roach x2, Zergling x2  
  81  7:43  Zergling x2  
  73  7:52  Drone x8  
  76  8:04  Drone x4, Overlord  
  80  8:13  Overlord x2  
  80  8:16  Ravager  
  81  8:20  Overlord  
  81  8:27  Extractor  
  81  8:28  Roach x2, Zergling x6  
  87  8:40  Zergling x12  
Show
View Real Time Build Order
Export as new Build Order

PiLiPiLi Protoss - Winner!

Build Orders: 1 Gate Expand, Mass Adepts 

Get SALT Encoding   

  12  0:00  Probe  
  13  0:12  Probe  
  14  0:20  Pylon  
  14  0:25  Probe  
  14  0:27  Assimilator  
  15  0:38  Probe (Chrono Boost)  
  16  0:44  Gateway  
  16  0:49  Probe (Chrono Boost)  
  17  0:54  Probe (Chrono Boost)  
  18  1:04  Probe  
  19  1:17  Probe  
  20  1:23  Nexus  
  20  1:32  Cybernetics Core  
  20  1:35  Probe  
  21  1:40  Assimilator  
  21  1:47  Probe  
  22  1:49  Pylon  
  22  1:59  Probe  
  23  2:05  Stalker (Chrono Boost)  
  25  2:09  Warp Gate  
  25  2:11  Probe  
  26  2:16  Twilight Council  
  26  2:23  Probe  
  26  2:25  Adept (Chrono Boost)  
  29  2:35  Probe  
  29  2:36  Probe  
  31  2:44  Robotics Facility  
  31  2:47  Probe  
  31  2:48  Probe  
  33  2:55  Resonating Glaives (Chrono Boost)  
  33  3:04  Gateway  
  33  3:06  Gateway  
  33  3:08  Probe  
  35  3:20  Gateway  
  35  3:22  Gateway  
  34  3:29  Warp Prism (Chrono Boost)  
  36  3:35  Probe  
  36  3:36  Probe  
  38  3:43  Pylon  
  38  3:54  Pylon  
  38  3:57  Adept  
  38  3:59  Adept  
  38  4:00  Adept  
  44  4:03  Observer  
  44  4:05  Probe x2  
  47  4:18  Adept x3  
  47  4:19  Adept  
  47  4:22  Adept  
  57  4:31  Pylon  
  57  4:42  Adept x4  
  59  4:54  Adept  
  59  4:57  Pylon  
  59  5:05  Adept x3  
  59  5:06  Adept  
  61  5:24  Probe  
  61  5:25  Probe  
  61  5:27  Assimilator, Adept x5  
  65  5:52  Adept  
  65  5:53  Adept x4  
  73  6:01  Pylon  
  69  6:10  Adept  
  69  6:11  Adept x2  
  65  6:32  Adept x5  
  65  6:34  Immortal (Chrono Boost)  
  65  6:38  Probe x2  
  65  6:39  Observer  
  71  6:50  Probe  
  71  6:52  Adept x4  
  71  6:53  Adept  
  82  6:54  Observer  
  82  6:55  Pylon  
  82  7:04  Immortal (Chrono Boost)  
  80  7:31  Adept x5  
  88  7:37  Pylon  
  88  7:38  Gateway  
  88  7:40  Pylon  
  82  7:49  Observer  
  70  8:01  Adept x5  
  70  8:04  Gateway  
  78  8:18  Pylon  
  78  8:22  Adept  
  78  8:23  Adept x4  
  84  8:44  Adept x6  
  90  8:51  Adept  
Tags
 
Add a new tag
Caveats
  • Supply blocks, unpowered buildings, or Contaminate may cause inaccurate times.
  • Supply counts are checked every 10 seconds.